 Dungeon Crawl Stone Soup version 0.14-a0-218-g24e112a (webtiles) character file.

133 Drahbeg the Magician (level 3, 23/24 HPs)
             Began as a Demigod Wizard on Oct 9, 2013.
             Got out of the dungeon alive.
             The game lasted 00:07:33 (1825 turns).

Drahbeg the Magician (Demigod Wizard)               Turns: 1825, Time: 00:07:34

HP  23/24        AC  3     Str 10      XL: 3   Next: 38%
MP  12/12        EV 11     Int 23      God:
Gold 82          SH  0     Dex 15      Spells:  4 memorised,  1 level left

Res.Fire  : . . .   See Invis. : .   i - +0 whip
Res.Cold  : . . .   Warding    : .   k - +0 elf leather armour
Life Prot.: . . .   Conserve   : .   (no shield)
Res.Poison: .       Res.Corr.  : .   b - +0 wizard hat
Res.Elec. : .       Clarity    : .   (no cloak)
Sust.Abil.: . .     Spirit.Shd : .   (no gloves)
Res.Mut.  : .       Stasis     : .   (no boots)
Res.Rott. : .       Flight     : .   (no amulet)
Saprovore : . . .                    (no ring)
                                     (no ring)

@: slightly resistant to hostile enchantments, fairly stealthy
A: no striking features
a: no special abilities


You escaped.
You were not hungry.

You visited 1 branch of the dungeon, and saw 2 of its levels.

You collected 62 gold pieces.

Inventory:

Hand weapons
 g - a +0,+0 club
 i - a +0,+0 whip (weapon)
Armour
 a - a +0 robe
 b - a +0 wizard hat (worn)
 j - a +1 ring mail of poison resistance
 k - a +0 elven leather armour (worn)
Comestibles
 d - 2 bread rations
 q - a meat ration
 r - 2 chunks of goblin flesh
 t - a rotting chunk of bat flesh
Scrolls
 e - a scroll of teleportation {unknown}
 f - a scroll of enchant weapon I {unknown}
Potions
 l - a potion of speed {unknown}
 n - a potion of mutation {unknown}
 o - a potion of paralysis {unknown}
 p - a potion of curing {unknown}
 s - a potion of might {unknown}
Books
 c - a book of Minor Magic

   Spells                             Type                      Level
   *Magic Dart                        Conjuration                  1
   *Blink                             Translocation                2
   *Call Imp                          Summoning                    2
   *Repel Missiles                    Charms/Air                   2
   Slow                               Hexes                        2
   Conjure Flame                      Conjuration/Fire             3
   Mephitic Cloud                     Conjuration/Poison/Air       3


   Skills:
 - Level 2.1 Dodging
 - Level 2.0 Stealth
 + Level 3.1 Spellcasting
 + Level 2.1 Conjurations
 - Level 0.8 Summonings
 - Level 0.8 Translocations


You had one spell level left.
You knew the following spells:

 Your Spells              Type           Power        Failure   Level  Hunger
a - Magic Dart            Conj           ##..         6%          1    None
b - Blink                 Tloc           N/A          14%         2    ##.....
c - Call Imp              Summ           #.........   14%         2    ##.....
d - Repel Missiles        Chrm/Air       #.........   21%         2    ##.....


Dungeon Overview and Level Annotations

Branches:
Dungeon (2/27)


Message History

The bat hits you but does no damage. The bat barely misses you.
The bat hits you. The bat hits you but does no damage.
The bat hits you but does no damage. The bat barely misses you.
The bat hits you but does no damage. The bat barely misses you.
The bat hits you. The bat barely misses you.
The bat hits you but does no damage. The bat barely misses you.
The bat hits you but does no damage. The bat hits you but does no damage.
The bat barely misses you. The bat hits you but does no damage.
The bat closely misses you. The bat closely misses you.
There is a staircase leading out of the dungeon here.
Are you sure you want to leave the Dungeon?
This will make you lose the game! The bat hits you but does no damage.
You have escaped!

##### ###########
######...###....@....#
..........##.......b.#
.###.......#.#.....#.#
.##........#.........#
.##........#.........#
.##........#.#.....#.#
.###.......#.........#
.^.........#.........#
.#####...#.#.#.....#.#


You could see a bat.

Vanquished Creatures
  2 adders (D:2)
  A giant gecko (D:1)
  A ball python (D:1)
  4 giant cockroaches
  5 hobgoblins
  3 kobolds (D:1)
  6 bats
  A giant newt (D:1)
  9 goblins
  6 rats
38 creatures vanquished.

Vanquished Creatures (collateral kills)
  A goblin (D:2)
1 creature vanquished.

Grand Total: 39 creatures vanquished

Notes
Turn   | Place    | Note
--------------------------------------------------------------
     0 | D:1      | Drahbeg, the Demigod Wizard, began the quest for the Orb.
     0 | D:1      | Reached XP level 1. HP: 12/12 MP: 7/7
    78 | D:1      | Reached skill level 1 in Conjurations
   393 | D:1      | Reached XP level 2. HP: 18/18 MP: 5/9
   452 | D:1      | Reached skill level 3 in Spellcasting
   786 | D:1      | Learned a level 2 spell: Blink
   789 | D:1      | Learned a level 2 spell: Call Imp
  1369 | D:2      | Found a blossoming altar of Fedhas.
  1387 | D:2      | Reached XP level 3. HP: 24/24 MP: 10/12
  1707 | D:2      | Learned a level 2 spell: Repel Missiles
  1825 | D:$      | Got out of the dungeon alive.

Action                   || total
-------------------------++-------
Melee: Whip              ||     7
 Cast: Magic Dart        ||    86
       Call Imp          ||     2
       Blink             ||     1
 Stab: Sleeping          ||     1
